[Event "Titled Tuesday Blitz March 07 Early 2023"]
[White "Aggelis, Nikolaos"]
[Black "Dwilewicz, Katarzyna"]
[WhiteFideId "4213220"]
[BlackFideId "1148486"]
[WhiteElo "2189"]
[BlackElo "2065"]
[Result "1-0"]
[Round "01"]
[TimeControl "180+2"]
[Date "2023.03.07"]
[WhiteClock "0:01:38"]
[BlackClock "0:00:03"]

1. d4 d5 2. g3 e6 3. Bg2 g6 4. Nf3 Bg7 5. O-O Ne7 6. Nbd2 O-O 7. e4 dxe4 8. Nxe4 b6 9. Bg5 Bb7 10. Nf6+ Kh8 11. Ng4 f6 12. Bd2 Nd7 13. Re1 f5 14. Ng5 fxg4 15. Nxe6 Qc8 16. Bxb7 Qxb7 17. Nxg7 Nd5 18. Ne6 Rf3 19. c4 N5f6 20. d5 Kg8 21. Nd4 Rd3 22. Bc3 Rxd1 23. Raxd1 Re8 24. Nc6 Nc5 25. Bxf6 Re4 26. b4 Rxe1+ 27. Rxe1 Kf7 28. Nd8+ Kxf6 29. Nxb7 1-0


[Site "https://www.chess.com"]

[Event "Titled Tuesday Blitz March 07 Early 2023"]
[White "Fathy, Elameir"]
[Black "Mamedov, Edgar"]
[WhiteFideId "10600396"]
[BlackFideId "13739980"]
[WhiteElo "2311"]
[BlackElo "2330"]
[Result "0-1"]
[Round "01"]
[TimeControl "180+2"]
[Date "2023.03.07"]
[WhiteClock "0:00:01"]
[BlackClock "0:00:03"]

1. d4 d5 2. c4 c6 3. Nc3 Nf6 4. e3 e6 5. Nf3 Nbd7 6. Be2 Bd6 7. O-O O-O 8. b3 b6 9. Bb2 Bb7 10. Bd3 c5 11. cxd5 exd5 12. Rc1 Rc8 13. Qe2 Qe7 14. Rfd1 Ne4 15. Ba6 Bxa6 16. Qxa6 Ndf6 17. dxc5 Bxc5 18. Nxd5 Nxd5 19. Rxd5 Nxf2 20. Re5 Nh3+ 21. gxh3 Qd6 22. Bd4 Bxd4 23. Rxc8 Bxe5 24. Rxf8+ Kxf8 25. Qc8+ Ke7 26. Qb7+ Kf6 27. Kg2 Qc7 28. Qe4 g6 29. h4 h5 30. h3 Qc3 31. a4 Qb2+ 32. Kf1 Bg3 33. Qd4+ Qxd4 34. Nxd4 Bxh4 35. Nc6 a5 36. b4 axb4 37. Nxb4 Ke6 38. Ke2 Be7 39. Nd3 Kd5 40. Kf3 Bd6 41. Nf2 f5 42. Nd1 g5 43. Nf2 g4+ 44. hxg4 fxg4+ 45. Ke2 g3 46. Nd3 Ke4 47. Ne1 h4 48. Nf3 Be7 49. Ng1 Kf5 50. Kf3 Ke6 51. Ke4 Bc5 52. Kf3 Kf5 53. Nh3 Bxe3 54. Kxe3 Kg4 55. Ng1 h3 56. Ne2 h2 0-1


[Site "https://www.chess.com"]

[Event "Titled Tuesday Blitz March 07 Early 2023"]
[White "Malek, Jan"]
[Black "Dishman, Stephen"]
[WhiteFideId "21864080"]
[BlackFideId "403024"]
[WhiteElo "2255"]
[BlackElo "2204"]
[Result "1-0"]
[Round "01"]
[TimeControl "180+2"]
[Date "2023.03.07"]
[WhiteClock "0:01:27"]
[BlackClock "0:00:16"]

1. b3 d5 2. Bb2 Bg4 3. Nf3 Bxf3 4. exf3 e6 5. d4 Nd7 6. f4 g6 7. Nd2 Bg7 8. Nf3 Ne7 9. Bd3 O-O 10. O-O Nf5 11. Re1 Nd6 12. Ne5 Rc8 13. Qe2 c5 14. c4 dxc4 15. bxc4 cxd4 16. Bxd4 Nc5 17. Rad1 Nxd3 18. Rxd3 Qc7 19. Rc1 Nf5 20. Bb2 Rfd8 21. Rcd1 Rxd3 22. Qxd3 Qb6 23. Qd7 Rf8 24. Ba3 Bxe5 25. Bxf8 Bd4 26. Qe8 Qc6 27. Qxc6 bxc6 28. g4 Kxf8 29. gxf5 c5 30. fxe6 fxe6 31. Kg2 Kf7 32. Kf3 Kf6 33. Ke4 h6 34. f3 g5 35. fxg5+ hxg5 36. Rxd4 cxd4 37. Kxd4 Kf5 38. c5 e5+ 39. Kd5 Kf4 40. c6 g4 41. fxg4 e4 42. c7 e3 43. c8=Q e2 44. Qf5+ Ke3 45. Qe5+ Kf2 46. g5 1-0


[Site "https://www.chess.com"]

[Event "Titled Tuesday Blitz March 07 Early 2023"]
[White "Bogaudinov, Rushan"]
[Black "Kim, Sergey"]
[WhiteFideId "4129288"]
[BlackFideId "13700570"]
[WhiteElo "1949"]
[BlackElo "2626"]
[Result "0-1"]
[Round "01"]
[TimeControl "180+2"]
[Date "2023.03.07"]
[WhiteClock "0:00:09"]
[BlackClock "0:01:21"]

1. a3 Nf6 2. Nf3 g6 3. d4 Bg7 4. e3 d6 5. b4 O-O 6. Bb2 e5 7. c4 e4 8. Nfd2 Re8 9. Nc3 c6 10. Be2 h5 11. a4 a5 12. bxa5 Qxa5 13. Nb3 Qg5 14. g3 h4 15. Qc2 Na6 16. Ba3 Bf8 17. a5 Bg4 18. Bxg4 Qxg4 19. Qe2 Qg5 20. O-O-O Nc7 21. Kc2 h3 22. Ra1 Ne6 23. Rhb1 Qf5 24. Nd2 Ng5 25. Bb4 Ng4 26. Nd1 c5 27. Bc3 cxd4 28. Bxd4 Nxh2 29. Rxb7 Rxa5 30. Rxa5 Qxa5 31. Nb2 Nhf3 32. Nxf3 exf3 33. Qf1 Qf5+ 34. Kc1 Ne4 35. Rb5 Qc8 36. Qh1 Nxf2 37. Qxf3 h2 38. Rb7 h1=Q+ 39. Kd2 Qxf3 0-1


[Site "https://www.chess.com"]

[Event "Titled Tuesday Blitz March 07 Early 2023"]
[White "Vlassov, Nikolai"]
[Black "Liu, Kelsey"]
[WhiteFideId "4103360"]
[BlackFideId "30944481"]
[WhiteElo "2324"]
[BlackElo "2318"]
[Result "1-0"]
[Round "01"]
[TimeControl "180+2"]
[Date "2023.03.07"]
[WhiteClock "0:01:09"]
[BlackClock "0:00:15"]

1. e4 c5 2. c3 Nf6 3. e5 Nd5 4. d4 cxd4 5. cxd4 d6 6. Bc4 e6 7. Nf3 Nc6 8. O-O Be7 9. Qe2 O-O 10. Qe4 Bd7 11. Bd3 f5 12. exf6 Nxf6 13. Qe2 Nb4 14. Bc4 d5 15. Bb3 Qb6 16. Re1 Ne4 17. Nc3 Nxc3 18. bxc3 Na6 19. Ne5 Bb5 20. Qh5 Rf5 21. Qh3 Raf8 22. Bc2 Bd6 23. g4 Bxe5 24. gxf5 Bxd4 25. cxd4 Qxd4 26. Be3 Qc3 27. Rac1 d4 28. fxe6 1-0


[Site "https://www.chess.com"]

[Event "Titled Tuesday Blitz March 07 Early 2023"]
[White "Buscar, Michael"]
[Black "Jakubowski, Krzysztof"]
[WhiteFideId "2603616"]
[BlackFideId "1112848"]
[WhiteElo "2010"]
[BlackElo "2359"]
[Result "0-1"]
[Round "01"]
[TimeControl "180+2"]
[Date "2023.03.07"]
[WhiteClock "0:00:03"]
[BlackClock "0:00:07"]

1. Nf3 Nf6 2. c4 c5 3. g3 d5 4. cxd5 Nxd5 5. Bg2 Nc6 6. Nc3 Nc7 7. O-O e5 8. d3 Be7 9. Be3 O-O 10. Ne4 b6 11. Nfd2 Bd7 12. Nc4 Kh8 13. f4 exf4 14. Bxf4 Ne6 15. Bd6 f5 16. Nc3 Rc8 17. Kh1 Be8 18. Bxe7 Qxe7 19. Nd5 Qd8 20. Nf4 Nxf4 21. Rxf4 Nd4 22. e4 Bb5 23. Qh5 g6 24. Qh6 Bxc4 25. dxc4 Qe7 26. Raf1 Rcd8 27. e5 Rfe8 28. Rh4 Qg7 29. Qg5 Rd7 30. Bd5 Rde7 31. Bc6 Nxc6 32. Rd1 Nd4 33. b4 Rxe5 34. Qd2 Re2 35. Qd3 Qb7+ 36. Kg1 Qg2# 0-1


[Site "https://www.chess.com"]

[Event "Titled Tuesday Blitz March 07 Early 2023"]
[White "Domingo Nunez, Ruben"]
[Black "Liu, Casper"]
[WhiteFideId "22245570"]
[BlackFideId "1454153"]
[WhiteElo "2404"]
[BlackElo "2221"]
[Result "1-0"]
[Round "01"]
[TimeControl "180+2"]
[Date "2023.03.07"]
[WhiteClock "0:00:46"]
[BlackClock "0:00:04"]

1. b3 Nc6 2. Bb2 e5 3. c4 Nf6 4. Nc3 d5 5. cxd5 Nxd5 6. g3 Be6 7. Bg2 Be7 8. Rc1 O-O 9. Nf3 f6 10. O-O Kh8 11. d4 Nxc3 12. Bxc3 e4 13. Nd2 Ba3 14. Rb1 f5 15. b4 Nxd4 16. Nxe4 Nb5 17. Qa4 Qe8 18. Bxg7+ Kxg7 19. Nc5 c6 20. Nxb7 a5 21. bxa5 Be7 22. Rfc1 Bf6 23. Bxc6 Qxc6 24. Rxc6 Nc3 25. Rxc3 Bxc3 26. Rc1 Rfc8 27. Nd6 Rc7 28. Ne8+ 1-0


[Site "https://www.chess.com"]

[Event "Titled Tuesday Blitz March 07 Early 2023"]
[White "Melikhov, Evgeny V."]
[Black "Kalashian, David"]
[WhiteFideId "4122046"]
[BlackFideId "13302418"]
[WhiteElo "2158"]
[BlackElo "2490"]
[Result "1-0"]
[Round "01"]
[TimeControl "180+2"]
[Date "2023.03.07"]
[WhiteClock "0:02:33"]
[BlackClock "0:02:22"]

1. d4 Nf6 2. c4 g6 3. Nc3 Bg7 4. e4 d6 5. f3 O-O 6. Be3 e5 7. d5 Nh5 8. Qd2 f5 9. O-O-O f4 10. Bf2 a6 11. Nge2 b5 12. c5 Nd7 13. c6 Nc5 14. b4 Na4 1-0


[Site "https://www.chess.com"]

[Event "Titled Tuesday Blitz March 07 Early 2023"]
[White "Di Nicolantonio, Lucas"]
[Black "Szente Varga, Fruzsina"]
[WhiteFideId "680460"]
[BlackFideId "712264"]
[WhiteElo "2358"]
[BlackElo "1994"]
[Result "0-1"]
[Round "01"]
[TimeControl "180+2"]
[Date "2023.03.07"]
[WhiteClock "0:00:03"]
[BlackClock "0:00:17"]

1. Nf3 Nf6 2. c4 c6 3. Nc3 d5 4. e3 g6 5. d4 Bg7 6. h3 O-O 7. Bd3 Re8 8. O-O Nbd7 9. cxd5 cxd5 10. Bd2 e5 11. dxe5 Nxe5 12. Nxe5 Rxe5 13. Ne2 Bf5 14. Bc3 Ne4 15. Bxe5 Bxe5 16. Nd4 Qh4 17. Nf3 Qf6 18. Nxe5 Qxe5 19. Bxe4 Bxe4 20. Qd4 Qg5 21. f3 Bf5 22. Kh2 Be6 23. Rac1 h5 24. h4 Qe7 25. Rc3 Re8 26. Rfc1 Qd6+ 27. g3 Qa6 28. R1c2 Qxa2 29. Rc7 Qa6 30. Kg2 Bf5 31. Rd2 Be6 32. Kf2 Qa1 33. Rdc2 Qh1 34. Qe5 Qh2+ 35. Ke1 Qg1+ 36. Kd2 Qg2+ 37. Kd3 Qxf3 38. Qf4 Bf5+ 39. Kd4 Qd1+ 40. Kc5 Qxc2+ 41. Kd6 Qe4 42. Qxe4 Bxe4 43. Rxb7 Rc8 44. Rxa7 Rb8 45. b4 Rxb4 46. Ke5 Kg7 47. Rc7 Rb3 48. Kf4 Rb1 49. g4 Rf1+ 50. Kg5 hxg4 0-1


[Site "https://www.chess.com"]

[Event "Titled Tuesday Blitz March 07 Early 2023"]
[White "Jiganchine, Roman"]
[Black "Issani, Nameer"]
[WhiteFideId "2603667"]
[BlackFideId "2619130"]
[WhiteElo "2300"]
[BlackElo "2613"]
[Result "1/2-1/2"]
[Round "01"]
[TimeControl "180+2"]
[Date "2023.03.07"]
[WhiteClock "0:00:44"]
[BlackClock "0:00:20"]

1. e4 e5 2. Nf3 Nc6 3. Nc3 Nf6 4. Bb5 Nd4 5. O-O Nxf3+ 6. Qxf3 Bc5 7. d3 c6 8. Bc4 h6 9. Be3 Bxe3 10. fxe3 O-O 11. Bb3 d6 12. h3 a5 13. a4 Be6 14. Bxe6 fxe6 15. b3 Qe7 16. Kh1 Rad8 17. Qg3 Nh7 18. Ne2 Ng5 19. Qg4 d5 20. Ng3 Nh7 21. exd5 exd5 22. e4 Nf6 23. Qg6 Qe8 24. Qxe8 Rfxe8 25. Rae1 Kf7 26. Nf5 dxe4 27. dxe4 Rd2 28. Ne3 Ke6 29. Nf5 Kf7 30. Ne3 Ke6 31. Nf5 Kf7 1/2-1/2


[Site "https://www.chess.com"]

[Event "Titled Tuesday Blitz March 07 Early 2023"]
[White "Vargas Rodriguez, Wilver"]
[Black "Zampronha, Wladimir Camilo"]
[WhiteFideId "3509672"]
[BlackFideId "2103087"]
[WhiteElo "2238"]
[BlackElo "2176"]
[Result "1-0"]
[Round "01"]
[TimeControl "180+2"]
[Date "2023.03.07"]
[WhiteClock "0:00:12"]
[BlackClock "0:01:08"]

1. e4 c5 2. Nf3 e6 3. d4 cxd4 4. Nxd4 Nc6 5. Nf3 Nf6 6. Bg5 Qb6 7. Bxf6 gxf6 8. b3 Bc5 9. Qd2 Ne5 10. Nxe5 fxe5 11. Bc4 d6 12. O-O a5 13. Qg5 Qd8 14. Qg7 Ke7 15. Qg5+ Kd7 16. Qh5 Qf6 17. Nd2 Kc7 18. Rad1 Bd7 19. a4 Rhg8 20. Bb5 Bxb5 21. axb5 Rg5 22. Qf3 Rag8 23. Qxf6 1-0


[Site "https://www.chess.com"]

[Event "Titled Tuesday Blitz March 07 Early 2023"]
[White "Bruned, Boris"]
[Black "Zivkovic, Nemanja"]
[WhiteFideId "621790"]
[BlackFideId "942154"]
[WhiteElo "2049"]
[BlackElo "2370"]
[Result "0-1"]
[Round "01"]
[TimeControl "180+2"]
[Date "2023.03.07"]
[WhiteClock "0:00:04"]
[BlackClock "0:01:27"]

1. b3 e5 2. Bb2 Nc6 3. e3 d5 4. Bb5 Bd6 5. f4 f6 6. Nh3 Ne7 7. fxe5 fxe5 8. O-O Bf5 9. c4 d4 10. Bxc6+ bxc6 11. Ng5 O-O 12. e4 Bd7 13. Rxf8+ Qxf8 14. Qf1 Ng6 15. d3 Qxf1+ 16. Kxf1 Rf8+ 17. Nf3 Bg4 18. Nd2 Nf4 19. h3 Bh5 20. g4 Bg6 0-1


[Site "https://www.chess.com"]

[Event "Titled Tuesday Blitz March 07 Early 2023"]
[White "Perez Gormaz, Matias"]
[Black "Abrosimov, Vladimir"]
[WhiteFideId "3406342"]
[BlackFideId "4166892"]
[WhiteElo "2362"]
[BlackElo "2336"]
[Result "1-0"]
[Round "01"]
[TimeControl "180+2"]
[Date "2023.03.07"]
[WhiteClock "0:00:15"]
[BlackClock "0:00:22"]

1. Nf3 d5 2. b3 Nf6 3. Bb2 Bf5 4. g3 e6 5. Bg2 c6 6. O-O h6 7. d3 Be7 8. Nbd2 O-O 9. c4 Nbd7 10. a3 Nb6 11. b4 a5 12. Qb3 a4 13. Qa2 Nbd7 14. Rac1 Rc8 15. Qb1 Nb6 16. Qa1 Qd7 17. Bd4 Na8 18. Rfd1 c5 19. bxc5 Bxc5 20. Bxf6 gxf6 21. Qxf6 Bxa3 22. Rb1 Kh7 23. cxd5 exd5 24. Ne5 Qe7 25. Qxf5+ Kg7 26. Ndf3 Bd6 27. Qg4+ Kh7 28. Bh3 f5 29. Qg6+ Kh8 30. Qxh6+ Kg8 31. Ng6 Qf6 32. Rxb7 Rc7 33. Rxc7 Bxc7 34. Qxf8+ Qxf8 35. Nxf8 Kxf8 36. Bxf5 a3 37. Be6 Nb6 38. e4 Ke7 39. Bxd5 Kd6 40. Bb3 Kc5 41. Rc1+ Kb4 42. Rxc7 Kxb3 43. Nd2+ Kb4 44. Rc1 Na4 45. Ra1 Nb2 46. h4 Nxd3 47. h5 Ne5 48. h6 Nf7 49. h7 Nh8 50. g4 Ng6 51. g5 Nh8 52. f4 Ng6 53. f5 Nh8 54. g6 Kc3 55. Rxa3+ Kd4 56. g7 Nf7 57. h8=Q Ne5 58. g8=Q Kc5 59. Qxe5+ Kb4 60. Qb3# 1-0


[Site "https://www.chess.com"]

[Event "Titled Tuesday Blitz March 07 Early 2023"]
[White "Alhadad, Mahmoud"]
[Black "Maze, Sebastien"]
[WhiteFideId "11501863"]
[BlackFideId "613762"]
[WhiteElo "1955"]
[BlackElo "2462"]
[Result "0-1"]
[Round "01"]
[TimeControl "180+2"]
[Date "2023.03.07"]
[WhiteClock "0:00:05"]
[BlackClock "0:00:13"]

1. e4 c5 2. Nc3 Nc6 3. Bb5 Nd4 4. Nf3 e6 5. O-O a6 6. Bd3 Ne7 7. Nxd4 cxd4 8. Ne2 d5 9. b3 dxe4 10. Bxe4 f5 11. Bf3 e5 12. d3 g6 13. Ba3 Bg7 14. Re1 Bf6 15. Qc1 O-O 16. Qh6 Re8 17. h4 Bg7 18. Qg5 Nc6 19. Qg3 Be6 20. h5 g5 21. Kh1 h6 22. Ng1 Bd5 23. Bxd5+ Qxd5 24. Qf3 e4 25. dxe4 fxe4 26. Qg4 Rad8 27. Rad1 Qe6 28. Qxe6+ Rxe6 29. Ne2 Rd5 30. Ng3 Ra5 31. Bc1 Rxa2 32. Nxe4 Rxc2 33. Ng3 Kf7 34. Re5 Bxe5 35. Nf1 Bf4 36. Bxf4 gxf4 37. Nh2 Ree2 38. Kg1 Rxf2 39. Nf3 Rxg2+ 40. Kf1 Rgf2+ 41. Ke1 Rce2# 0-1


[Site "https://www.chess.com"]

[Event "Titled Tuesday Blitz March 07 Early 2023"]
[White "Manelyuk, Daniil"]
[Black "Bove, Alessandro"]
[WhiteFideId "44173920"]
[BlackFideId "814121"]
[WhiteElo "2259"]
[BlackElo "2387"]
[Result "1-0"]
[Round "01"]
[TimeControl "180+2"]
[Date "2023.03.07"]
[WhiteClock "0:01:56"]
[BlackClock "0:02:11"]

1. e4 c5 2. Nf3 d6 3. d4 cxd4 4. Nxd4 Nf6 5. Nc3 g6 6. f3 Bg7 7. Be3 O-O 8. Qd2 Nc6 9. O-O-O Bd7 10. Kb1 Qc7 11. h4 Rfc8 12. g4 Ne5 13. h5 Qa5 14. hxg6 fxg6 15. g5 Nh5 16. f4 Nc4 17. Bxc4+ Rxc4 18. Nb3 Qd8 19. Qd5+ Kf8 20. Qxc4 Rc8 21. Qd3 b5 22. f5 Ng3 23. Rxh7 b4 24. Nd5 1-0


[Site "https://www.chess.com"]

[Event "Titled Tuesday Blitz March 07 Early 2023"]
[White "Smietanska, Wiktoria"]
[Black "Leiva, Gianmarco"]
[WhiteFideId "21869359"]
[BlackFideId "3804399"]
[WhiteElo "1910"]
[BlackElo "2345"]
[Result "0-1"]
[Round "01"]
[TimeControl "180+2"]
[Date "2023.03.07"]
[WhiteClock "0:00:01"]
[BlackClock "0:00:02"]

1. c4 e6 2. Nc3 d5 3. cxd5 exd5 4. d4 c6 5. Nf3 Nf6 6. Bg5 Be7 7. e3 Bf5 8. Bd3 Bxd3 9. Qxd3 O-O 10. O-O Na6 11. a3 Nc7 12. b4 Ne4 13. Bxe7 Qxe7 14. Rab1 Nd6 15. a4 a6 16. Ne5 Rae8 17. Rfc1 f6 18. Nf3 Qe6 19. Nd2 Re7 20. Nb3 h5 21. Nc5 Qg4 22. h3 Qg5 23. Ne2 Qh6 24. Nf4 Kf7 25. Qd1 Rh8 26. Qf3 g5 27. Nfd3 Kg7 28. Qg3 Nf5 29. Qf3 Nd6 30. Qg3 Rd8 31. h4 Qg6 32. hxg5 Qxg5 33. Qxg5+ fxg5 34. Ne5 Kf6 35. Rc2 h4 36. Kf1 Rh7 37. Ke2 Rdh8 38. Rh1 Ne6 39. Ncd7+ Kf5 40. f3 Nf8 41. Nxf8 Rxf8 0-1


[Site "https://www.chess.com"]

[Event "Titled Tuesday Blitz March 07 Early 2023"]
[White "Bews, Steven"]
[Black "Wilson, Elvin"]
[WhiteFideId "2400529"]
[BlackFideId "2014874"]
[WhiteElo "2607"]
[BlackElo "2288"]
[Result "1-0"]
[Round "01"]
[TimeControl "180+2"]
[Date "2023.03.07"]
[WhiteClock "0:00:34"]
[BlackClock "0:00:21"]

1. e4 e6 2. d4 d5 3. Nd2 c5 4. Ngf3 cxd4 5. Nxd4 Nc6 6. Nxc6 bxc6 7. Bd3 Bd6 8. O-O Qc7 9. Nf3 Ne7 10. Re1 Ng6 11. h4 O-O 12. h5 Ne5 13. h6 g6 14. b3 Nxf3+ 15. Qxf3 Be5 16. Rb1 f5 17. exd5 cxd5 18. Rxe5 Qxe5 19. Bb2 Qc7 20. Re1 Bd7 21. Qe3 Rae8 22. Be5 f4 23. Qd4 Qb6 24. Qb2 Bb5 25. Bxb5 Qxb5 26. Bd6 Rf7 27. Qe5 f3 28. Ba3 Qa5 29. Bb2 Rf6 30. Qxf6 Qxe1+ 31. Kh2 1-0


[Site "https://www.chess.com"]

[Event "Titled Tuesday Blitz March 07 Early 2023"]
[White "Lauridsen, Jesper Morch"]
[Black "Moksh Amit Doshi"]
[WhiteFideId "1401890"]
[BlackFideId "25064967"]
[WhiteElo "2288"]
[BlackElo "2297"]
[Result "1-0"]
[Round "01"]
[TimeControl "180+2"]
[Date "2023.03.07"]
[WhiteClock "0:00:15"]
[BlackClock "0:00:32"]

1. e4 c5 2. c3 d5 3. exd5 Nf6 4. d4 Nxd5 5. Bb5+ Nc6 6. Nf3 cxd4 7. Nxd4 Bd7 8. O-O e6 9. Re1 Be7 10. Bxc6 bxc6 11. Nd2 O-O 12. N2f3 c5 13. Nb3 Ba4 14. Qe2 Rb8 15. Ne5 Qc7 16. Nd2 Rfd8 17. Nxf7 Kxf7 18. Qxe6+ Kf8 19. Nf3 Rb6 20. Qg4 Be8 21. Bg5 Rg6 22. Bxe7+ Nxe7 23. Qh3 Bc6 24. Ne5 Kg8 25. Nxg6 Nxg6 26. Rad1 Rxd1 27. Qe6+ Kh8 28. Rxd1 Nf4 29. Qxc6 Qe7 30. Qd6 Ne2+ 31. Kf1 Qe8 32. Qd8 1-0


[Site "https://www.chess.com"]

[Event "Titled Tuesday Blitz March 07 Early 2023"]
[White "Rastbod, Ali"]
[Black "Qashashvili, Alexandre"]
[WhiteFideId "12567477"]
[BlackFideId "13600842"]
[WhiteElo "2211"]
[BlackElo "2405"]
[Result "1-0"]
[Round "01"]
[TimeControl "180+2"]
[Date "2023.03.07"]
[WhiteClock "0:00:07"]
[BlackClock "0:00:01"]

1. e4 c6 2. Nf3 d5 3. Nc3 dxe4 4. Nxe4 Nd7 5. Qe2 Ndf6 6. d3 Nxe4 7. dxe4 Bg4 8. h3 Bh5 9. g4 Bg6 10. h4 h6 11. h5 Bh7 12. g5 hxg5 13. Nxg5 Nf6 14. e5 Nd5 15. e6 fxe6 16. Qxe6 Qd6 17. Qxd6 exd6 18. Nxh7 Rxh7 19. Bd3 Rh8 20. Bg6+ Kd7 21. c4 Nb6 22. b3 Be7 23. Bb2 Bf6 24. Bxf6 gxf6 25. O-O-O Kc7 26. Rde1 Rad8 27. Re7+ Rd7 28. Rhe1 d5 29. c5 Nc8 30. Re8 Rxe8 31. Rxe8 Ne7 32. Bd3 f5 33. h6 b6 34. b4 b5 35. h7 Ng6 36. Bxf5 Rxh7 37. Bxg6 Rh4 38. a3 Rc4+ 39. Kb2 Rf4 40. Re2 a5 41. Kb3 axb4 42. axb4 Rf3+ 43. Kb2 Rf4 44. Kc3 Rf3+ 45. Re3 Rxf2 46. Re7+ Kb8 47. Be8 Rf6 48. Kd4 Kc8 49. Ra7 Kd8 50. Bh5 Re6 51. Bf3 Rf6 52. Be2 Re6 53. Bd3 Rh6 54. Bf5 Rh4+ 55. Ke5 Rxb4 56. Kd6 Ke8 57. Be6 Kf8 58. Kxc6 d4 59. Rd7 1-0


[Site "https://www.chess.com"]

[Event "Titled Tuesday Blitz March 07 Early 2023"]
[White "Afanasieva, Alexandra"]
[Black "Jimenez Almeida, Luis David"]
[WhiteFideId "34126926"]
[BlackFideId "22242244"]
[WhiteElo "1763"]
[BlackElo "2245"]
[Result "0-1"]
[Round "01"]
[TimeControl "180+2"]
[Date "2023.03.07"]
[WhiteClock "0:00:18"]
[BlackClock "0:00:22"]

1. e4 c6 2. d4 Na6 3. Nf3 g6 4. Bg5 Qb6 5. b3 Bg7 6. c3 h6 7. Be3 d6 8. h3 Nf6 9. Nbd2 O-O 10. Bd3 Qd8 11. Qe2 Nc7 12. O-O Re8 13. Rad1 b6 14. c4 e5 15. dxe5 dxe5 16. c5 b5 17. b4 Qe7 18. Nb3 Nh5 19. Na5 Bd7 20. Nb7 Ne6 21. Nd6 Nef4 22. Bxf4 Nxf4 23. Qe3 Red8 24. Bc2 Be6 25. Bb3 a5 26. a3 axb4 27. axb4 Ra3 28. Bxe6 Rxe3 29. Bxf7+ Kh7 30. fxe3 Ne2+ 31. Kf2 Nc3 32. Rc1 Nxe4+ 33. Nxe4 Qxf7 34. Kg1 Qb3 35. Rce1 Qxb4 36. Nd6 Rd7 37. Rc1 Qa3 38. Rfe1 g5 39. Nd2 e4 40. N2xe4 Be5 41. Rcd1 b4 42. Nc4 Rxd1 43. Rxd1 Qb3 44. Rd7+ Kh8 45. Nxe5 Qxe3+ 46. Kh1 Qc1+ 47. Kh2 Qf4+ 48. Kh1 Qxe5 49. Nd6 Qe1+ 50. Kh2 Qe5+ 51. Kh1 Kg8 52. Rd8+ Kg7 53. Rd7+ Kg6 54. Rb7 Qxc5 55. Ne4 Qc1+ 56. Kh2 Qf4+ 57. Ng3 h5 0-1


[Site "https://www.chess.com"]

[Event "Titled Tuesday Blitz March 07 Early 2023"]
[White "Chylewski, Patryk"]
[Black "Tsyhanchuk, Stanislav"]
[WhiteFideId "1186191"]
[BlackFideId "13505130"]
[WhiteElo "2163"]
[BlackElo "2173"]
[Result "1-0"]
[Round "01"]
[TimeControl "180+2"]
[Date "2023.03.07"]
[WhiteClock "0:00:09"]
[BlackClock "0:00:17"]

1. e4 c5 2. Nf3 d6 3. c3 Nf6 4. h3 Bd7 5. Bd3 Nc6 6. Bc2 b5 7. O-O g6 8. Re1 Bg7 9. d4 cxd4 10. cxd4 O-O 11. e5 Nd5 12. Be4 Be6 13. Ng5 dxe5 14. Nxe6 fxe6 15. dxe5 Bxe5 16. Bh6 Bg7 17. Bxg7 Kxg7 18. Nd2 Nd4 19. Nf1 Nf5 20. Bxf5 exf5 21. Re5 Nf4 22. Rxb5 Qxd1 23. Rxd1 Rab8 24. Rxb8 Rxb8 25. Rd2 Kf6 26. h4 e5 27. g3 Ne6 28. Ne3 Nd4 29. Kg2 Ke6 30. b3 a5 31. Nc4 a4 32. bxa4 Rb4 33. Nb2 Kd5 34. Kf1 Kc5 35. Nd3+ Kc4 36. Nxb4 Kxb4 37. Rb2+ Kxa4 38. Rb7 h5 39. Rg7 f4 40. Rxg6 Nf3 41. gxf4 exf4 42. Rf6 1-0


[Site "https://www.chess.com"]

[Event "Titled Tuesday Blitz March 07 Early 2023"]
[White "Samaganova, Aleksandra"]
[Black "Czopor, Maciej"]
[WhiteFideId "13800221"]
[BlackFideId "21805431"]
[WhiteElo "1858"]
[BlackElo "2324"]
[Result "0-1"]
[Round "01"]
[TimeControl "180+2"]
[Date "2023.03.07"]
[WhiteClock "0:00:01"]
[BlackClock "0:00:04"]

1. c4 g6 2. Nc3 Bg7 3. g3 d6 4. Bg2 Nd7 5. e3 h5 6. h3 e5 7. Nge2 Ngf6 8. d4 O-O 9. O-O Qe7 10. Rb1 e4 11. b4 Re8 12. b5 Nf8 13. Nf4 N8h7 14. a4 Ng5 15. a5 Bf5 16. Rb3 Qd7 17. Kh2 Bh6 18. Ncd5 Nxd5 19. Nxd5 Kg7 20. h4 Nh7 21. b6 axb6 22. axb6 c6 23. Nc7 Bg4 24. Qc2 g5 25. Nxa8 Rxa8 26. Bxe4 Nf6 27. d5 gxh4 28. gxh4 cxd5 29. cxd5 Rc8 30. Rc3 Re8 31. Bg2 Qb5 32. f3 Bd7 33. e4 Qxb6 34. Bxh6+ Kxh6 35. Qd2+ Kh7 36. Qf4 Qd4 37. Rcc1 Rg8 38. Bh3 Qb2+ 39. Kh1 Bxh3 40. Rg1 Bg2+ 41. Kh2 Bxf3+ 42. Kh3 Bg4+ 0-1


[Site "https://www.chess.com"]

[Event "Titled Tuesday Blitz March 07 Early 2023"]
[White "Fiorito, Joaquin"]
[Black "Prieto Aranguren, Alain"]
[WhiteFideId "180173"]
[BlackFideId "2268906"]
[WhiteElo "2157"]
[BlackElo "2209"]
[Result "1-0"]
[Round "01"]
[TimeControl "180+2"]
[Date "2023.03.07"]
[WhiteClock "0:00:21"]
[BlackClock "0:00:35"]

1. d4 d5 2. Nc3 c6 3. Bf4 Na6 4. e4 dxe4 5. Bxa6 bxa6 6. Nxe4 Nf6 7. Nxf6+ exf6 8. Nf3 Bd6 9. Bxd6 Qxd6 10. O-O O-O 11. h3 Rb8 12. b3 Bf5 13. Re1 Rfe8 14. Qd2 Be4 15. Re3 c5 16. dxc5 Qxd2 17. Nxd2 Bxc2 18. Rc1 Rxe3 19. fxe3 Bf5 20. e4 Be6 21. Kf2 a5 22. c6 Kf8 23. Ke3 Ke7 24. Nf3 Kd6 25. Nd4 a6 26. c7 Rc8 27. Rc6+ Kd7 28. Rxa6 Rxc7 29. Rxa5 Rc3+ 30. Kf2 Rd3 31. Nf3 Rc3 32. Ra7+ Kd6 33. Nd4 Ke5 34. Nxe6 Kxe6 35. Ra5 h5 36. b4 g5 37. a3 h4 38. b5 Rb3 39. Ra6+ Ke5 40. a4 Ra3 41. b6 Kxe4 42. Ra5 Ra2+ 43. Kg1 Ra1+ 44. Kh2 f5 45. b7 g4 46. hxg4 fxg4 47. b8=Q g3+ 48. Kh3 Rh1+ 49. Kg4 f5+ 50. Rxf5 1-0


[Site "https://www.chess.com"]

[Event "Titled Tuesday Blitz March 07 Early 2023"]
[White "laurynaszaveckis"]
[Black "Yelisieiev, Yevhenii"]
[BlackFideId "14139642"]
[WhiteElo "2277"]
[BlackElo "2447"]
[Result "0-1"]
[Round "01"]
[TimeControl "180+2"]
[Date "2023.03.07"]
[WhiteClock "0:00:01"]
[BlackClock "0:00:10"]

1. d4 d6 2. e4 Nf6 3. Nc3 e5 4. dxe5 dxe5 5. Qxd8+ Kxd8 6. Bg5 c6 7. O-O-O+ Nd7 8. f3 b5 9. Nh3 Kc7 10. Nf2 Bd6 11. Be2 Nc5 12. a3 a5 13. Rd2 b4 14. Nb1 Ne6 15. Be3 Bc5 16. Bxc5 Nxc5 17. Nd1 Ne6 18. c3 Nc5 19. Kc2 b3+ 20. Kc1 Be6 21. Ne3 Nfd7 22. Nc4 f6 23. Rhd1 Rhd8 24. Rd6 Bxc4 25. Bxc4 Nb6 26. Rxd8 Rxd8 27. Rxd8 Kxd8 28. Be2 Ke7 29. Nd2 Kd6 30. Nc4+ Nxc4 31. Bxc4 a4 32. Kd2 Ne6 33. Bxe6 Kxe6 34. c4 Kd6 35. Kd3 g6 36. Kc3 c5 37. Kd3 f5 38. exf5 gxf5 39. g4 e4+ 40. Ke3 exf3 41. gxf5 Ke5 42. f6 Kxf6 43. Kxf3 Kf5 44. h3 h6 45. Kg3 Kg5 0-1


[Site "https://www.chess.com"]